Map: Mothership LE

Players

ShoWTimE

  • Race: Protoss Protoss
  • League: Master
  • Spawn Location: 6:00

BabyMarine - Winner!

  • Race: Terran Terran
  • Spawn Location: 1:00

VOD

Have the link to the VOD?

Description

Time

  • Played on: Jan. 31, 2026, 12:23 p.m.
  • Length: 6:12
Show
View Real Time Build Order
Export as new Build Order

ShoWTimE Protoss 

Build Orders: 1 Gate Expand, Blink Stalkers 

Get SALT Encoding   

  12  0:00  Probe  
  13  0:12  Probe  
  14  0:17  Pylon  
  14  0:24  Probe  
  15  0:32  Probe  
  15  0:36  Gateway  
  15  0:40  Probe  
  16  0:45  Assimilator  
  17  0:50  Probe  
  18  1:03  Probe  
  19  1:15  Probe  
  20  1:22  Cybernetics Core  
  20  1:32  Nexus  
  20  1:35  Probe  
  21  1:42  Pylon  
  21  1:47  Probe  
  21  1:51  Assimilator  
  21  1:52  Stalker  
  22  2:00  Probe  
  23  2:04  Warp Gate  
  25  2:12  Probe  
  25  2:15  Stalker  
  28  2:25  Probe  
  29  2:33  Stalker  
  29  2:37  Probe  
  30  2:44  Probe  
  30  2:49  Twilight Council, Probe  
  34  2:56  Probe  
  35  2:59  Gateway  
  35  3:01  Probe  
  35  3:05  Stalker  
  36  3:08  Probe  
  39  3:13  Blink, Probe  
  40  3:25  Probe  
  39  3:29  Probe  
  39  3:30  Shield Battery  
  39  3:32  Shield Battery  
  38  3:35  Pylon  
  38  3:37  Probe  
  39  3:44  Probe  
  40  3:48  Robotics Facility  
  40  3:53  Stalker  
  40  3:54  Probe  
  43  4:00  Pylon  
  43  4:03  Stalker  
  43  4:04  Probe  
  43  4:07  Assimilator  
  43  4:08  Probe  
  45  4:23  Stalker  
  45  4:24  Probe  
  41  4:26  Probe  
  41  4:36  Probe  
  41  4:38  Observer, Probe  
  43  4:43  Stalker  
  44  4:48  Probe x2  
  44  4:50  Stalker  
  48  4:56  Probe  
  48  4:57  Observer  
  49  5:00  Probe  
  49  5:04  Probe  
  51  5:12  Probe, Nexus  
  53  5:21  Probe  
  52  5:26  Probe  
  52  5:27  Pylon  
  47  5:29  Stalker x2  
  47  5:33  Probe  
  52  5:39  Probe  
  52  5:42  Gateway  
  53  5:47  Probe  
  50  5:53  Pylon  
  50  5:58  Dark Shrine  
Show
View Real Time Build Order
Export as new Build Order

BabyMarine Terran - Winner!

Build Orders:  

Get SALT Encoding   

  12  0:00  SCV  
  13  0:12  SCV  
  14  0:17  Supply Depot  
  14  0:24  SCV  
  15  0:39  SCV  
  15  0:40  Barracks  
  16  0:44  Refinery  
  16  0:51  SCV  
  16  0:54  Refinery  
  17  1:03  SCV  
  18  1:15  SCV  
  19  1:23  Supply Depot  
  19  1:30  Reaper, Orbital Command  
  20  1:45  Factory  
  20  1:56  SCV  
  21  2:02  Barracks Reactor  
  21  2:08  SCV  
  22  2:23  Command Center  
  22  2:25  SCV  
  23  2:31  Hellion  
  25  2:37  SCV  
  25  2:39  Reaper x2  
  28  2:46  Supply Depot  
  28  2:49  SCV  
  29  2:53  Hellion  
  31  3:07  Barracks  
  31  3:09  SCV  
  32  3:13  Reaper x2  
  34  3:23  SCV  
  34  3:26  Hellion  
  37  3:35  SCV  
  38  3:41  Barracks  
  38  3:45  Marine x2  
  38  3:47  SCV  
  41  3:51  Orbital Command  
  41  3:54  Factory Tech Lab, Barracks Tech Lab  
  41  3:59  SCV  
  42  4:02  Marine  
  42  4:03  Marine  
  44  4:22  SCV  
  44  4:23  Marine x2  
  40  4:24  Siege Tank  
  40  4:26  Marauder, Stimpack  
  40  4:27  SCV  
  46  4:34  SCV  
  44  4:39  SCV  
  44  4:40  Marine  
  44  4:43  Marine x2, Supply Depot  
  47  4:47  Marauder  
  47  4:48  SCV  
  47  4:52  SCV  
  51  4:56  Siege Tank  
  54  5:01  Supply Depot  
  54  5:05  Marine x3, SCV  
  54  5:06  SCV  
  59  5:08  Marauder  
  59  5:11  Supply Depot  
  61  5:17  SCV  
  61  5:19  SCV  
  60  5:28  Siege Tank  
  60  5:29  Barracks Tech Lab  
  60  5:30  SCV  
  60  5:33  Marine x2, Starport  
  65  5:37  Marauder, Supply Depot, SCV  
  65  5:42  SCV  
  69  5:49  Refinery, Engineering Bay  
  70  5:50  SCV  
  70  5:51  Marine  
  70  5:52  Marine  
  74  5:58  SCV  
  75  6:03  Refinery  
Tags
 
Add a new tag
Caveats
  • Supply blocks, unpowered buildings, or Contaminate may cause inaccurate times.
  • Supply counts are checked every 10 seconds.